 Dungeon Crawl Stone Soup version 0.25.0-11-g1f837a76a1 (webtiles) character file.

Game seed: 2477366770409296893

7247 Esekla the Carver (level 11, -6/83 HPs)
             Began as a Barachi Necromancer on June 27, 2020.
             Was a Believer of Ashenzari.
             Mangled by a catoblepas (17 damage)
             ... on level 9 of the Dungeon on June 28, 2020.
             The game lasted 01:31:03 (12033 turns).

Esekla the Carver (Barachi Necromancer)            Turns: 12033, Time: 01:31:03

Health: -6/83      AC:  8    Str:  9    XL:     11   Next: 12%
Magic:  16/32      EV: 15    Int: 26    God:    Ashenzari [**....]
Gold:   436        SH:  0    Dex: 12    Spells: 12/26 levels left

rFire    . . .     SeeInvis .   a - +4 scimitar (flame) (curse)
rCold    . . .     Gourm    .   (no shield)
rNeg     . . .     Faith    .   f - +0 troll leather armour (curse) {Purgy}
rPois    .         Spirit   .   (no helmet)
rElec    .         Reflect  .   d - +0 cloak
rCorr    .         Harm     .   J - +0 pair of gloves
MR       .....                  g - +0 pair of boots
Stlth    ++........             (no amulet)
HPRegen  0.63/turn              x - ring of magical power (curse)
MPRegen  0.23/turn              S - +6 ring of intelligence

@: slow
A: +LOS, swims, slowness 1, strong legs 1
a: Hop, Curse Item, Scrying, Renounce Religion


You were on level 9 of the Dungeon.
You worshipped Ashenzari.
Ashenzari was pleased with you.
You were not hungry.

You visited 2 branches of the dungeon, and saw 10 of its levels.
You also visited: Sewer.

You collected 436 gold pieces.

Inventory:

Hand Weapons
 a - a cursed +4 scimitar of flaming (weapon)
 t - a +2 trident of flaming
 v - a +1 dagger of venom
Missiles
 e - 13 boomerangs
 m - 10 javelins
 o - 5 curare-tipped darts
 p - 21 poisoned darts (quivered)
 y - 3 boomerangs of dispersal
Armour
 b - +0 swamp dragon scales
 d - a +0 cloak (worn)
 f - a cursed +0 troll leather armour (worn) {Purgy}
 g - a +0 pair of boots (worn)
 B - a +1 robe of fire resistance
 G - a scarf of resistance
 I - a +0 buckler
 J - a +0 pair of gloves (worn)
 M - a +1 robe of cold resistance
Jewellery
 s - an uncursed ring of protection from magic
 x - a cursed ring of magical power (left hand)
 H - an uncursed ring of fire
 S - a +6 ring of intelligence (right hand)
Wands
 q - a wand of disintegration (21)
 z - a wand of iceblast (13)
 N - a wand of clouds (3)
 P - a wand of random effects (15)
Scrolls
 i - 3 scrolls of teleportation
 j - 2 scrolls of remove curse
 r - 2 scrolls of amnesia
 D - a scroll of enchant armour {unknown}
 K - a scroll of summoning {unknown}
 T - a scroll of random uselessness {unknown}
Potions
 h - a potion of magic
 n - 3 potions of lignification
 u - a potion of ambrosia
 w - 3 potions of stabbing
 C - a potion of degeneration {unknown}
 E - a potion of curing
 F - a potion of haste {unknown}
 L - a potion of mutation {unknown}
 O - a potion of resistance {unknown}
 R - a potion of invisibility {unknown}
Comestibles
 c - 19 rations


   Skills:
 * Level 6.6 Fighting
 + Level 1.7(5.1) Short Blades
 * Level 8.3(10.7) Long Blades
 + Level 2.7 Throwing
 + Level 5.8 Armour
 * Level 7.1 Dodging
 - Level 1.7 Stealth
 * Level 2.8 Shields
 * Level 8.3 Spellcasting
 + Level 4.7 Conjurations
 * Level 1.1 Hexes
 * Level 1.1 Charms
 + Level 5.7 Necromancy
 * Level 2.1 Ice Magic


You had 12 spell levels left.
You knew the following spells:

 Your Spells              Type           Power        Failure   Level  Hunger
a - Ozocubu's Armour      Chrm/Ice       ###.....     11%         3    None
d - Vampiric Draining     Necr           #####.....   1%          3    None
e - Searing Ray           Conj           #####.       1%          2    None
f - Dazzling Flash        Conj/Hex       ####..       6%          3    None
r - Frozen Ramparts       Ice            ###...       9%          3    None

Your spell library contained the following spells:

 Spells                   Type           Power        Failure   Level  Hunger
 Animate Skeleton         Necr           N/A          1%          1    None
 Magic Dart               Conj           ####         1%          1    None
 Pain                     Necr           ####         1%          1    None
 Freeze                   Ice            ###.         3%          1    None
 Animate Dead             Necr           N/A          7%          4    ##.....
 Hailstorm                Conj/Ice       ####....     17%         4    ##.....
 Agony                    Necr           #####...     19%         5    ####...
 Fulminant Prism          Conj/Hex       ####......   22%         4    ##.....
 Iskenderun's Mystic Bla  Conj/Tloc      ###.....     26%         4    ##.....
 Summon Ice Beast         Ice/Summ       ###.....     43%         4    ##.....


Dungeon Overview and Level Annotations

Branches:
Dungeon (9/15)             Temple (1/1) D:5           Sewer (visited)
   Lair: D:8-11         Orc: D:9-12

Altars:
Ashenzari
Cheibriados
Dithmenos
Elyvilon
Fedhas
Gozag
Hepliaklqana
Kikubaaqudgha
Makhleb
Nemelex Xobeh
Okawaru
Qazlal
Ru
Sif Muna
Trog
Uskayaw
Vehumet
Wu Jian
Xom
Yredelemnul
Zin
The Shining One

Shops:
D:7 [


Innate Abilities, Weirdness & Mutations

You can be seen from farther away. (+LOS)
You can swim through water.
You cover ground slowly.
You can hop short distances.


Message History

You feel life coursing into your body! The catoblepas gores you!!
Casting: Vampiric Draining (safe; 1% risk of failure)
Confirm with . or Enter, or press ? or * to list all spells.
Aiming: Vampiric Draining (safe; 1% risk of failure)
Press: ? - help, Shift-Dir - straight line, f/p - catoblepas
Aim: a catoblepas (black smoke, severely wounded)
The catoblepas is severely wounded.
You feel life coursing into your body. The catoblepas gores you!!
* * * LOW HITPOINT WARNING * * *
You feel much better. The catoblepas gores you!!
* * * LOW HITPOINT WARNING * * *
Okay, then.
Casting: Vampiric Draining (safe; 1% risk of failure)
Confirm with . or Enter, or press ? or * to list all spells.
Aiming: Vampiric Draining (safe; 1% risk of failure)
Press: ? - help, Shift-Dir - straight line, f/p - catoblepas
Aim: a catoblepas (black smoke, severely wounded)
The catoblepas is almost dead.
You feel life coursing into your body. The catoblepas gores you!
You die...

#############
#.......§§..#
, ,
#...§§.§....#
,
#...§.§§§§§.#,
#..§§§§§.§.§#
,
#....§@Y§...#,
,
#...§§§§..=.#,
#.....#.....#
#.....#######
, #.....#, , *
#.....#,, , ,,
#.....#
#.....# ,, ,
#.....# , * ,


You could see a catoblepas.

Vanquished Creatures
  Harold (D:7)
  Erolcha (D:9)
  Erica (D:8)
  A two-headed ogre (D:8)
  Pikel (D:6)
  Maurice (D:9)
  Psyche (D:8)
  Maggie (D:6)
  Prince Ribbit (D:9)
  A hippogriff (D:8)
  Sigmund (D:6)
  3 orc warriors
  A sky beast (D:5)
  An ice beast (D:5)
  Purgy (Sewer)
  A phantom (D:7)
  2 ogres
  A centaur (D:9)
  A big kobold (D:9)
  3 bullfrogs (D:8)
  A scorpion (D:4)
  A water moccasin skeleton (D:9)
  5 jellies
  A lava snake (D:7)
  3 crimson imps
  A bullfrog zombie (D:7)
  A quasit (D:7)
  A centaur zombie (D:5)
  2 bullfrog skeletons
  2 hounds
  7 orc priests
  8 orc wizards
  Crazy Yiuf (D:7)
  2 iguanas
  3 worker ants
  A killer bee zombie (D:7)
  18 adders
  2 shadow imps
  6 oozes
  An adder skeleton (D:9)
  7 worms
  2 dart slugs
  5 leopard geckos
  29 orcs
  7 ball pythons
  11 giant cockroaches
  4 goblins
  9 hobgoblins
  14 jackals
  14 kobolds
  5 quokkas
  9 bats
  3 frilled lizards
  A giant cockroach zombie (D:6)
  A quokka skeleton (D:5)
  9 rats
222 creatures vanquished.

Vanquished Creatures (others)
  A scorpion (D:8)
  3 orcs
4 creatures vanquished.

Grand Total: 226 creatures vanquished

Notes
Turn   | Place    | Note
-------+----------+-------------------------------------------
     0 | D:1      | Esekla the Barachi Necromancer began the quest for the Orb.
     0 | D:1      | Reached XP level 1. HP: 13/13 MP: 3/3
   262 | D:1      | Reached skill level 1 in Fighting
   352 | D:1      | Reached XP level 2. HP: 21/21 MP: 5/5
  1088 | D:1      | Reached XP level 3. HP: 26/27 MP: 6/6
  1093 | D:1      | Learned a level 3 spell: Vampiric Draining
  2144 | D:2      | Reached XP level 4. HP: 21/34 MP: 0/8
  3031 | D:2      | Found a hide-covered altar of Uskayaw.
  3032 | D:2      | Noticed a +0 dagger
  3032 | D:2      | Noticed a +0 dagger
  3201 | D:2      | Reached XP level 5. HP: 35/39 MP: 7/10
  3249 | D:2      | Reached skill level 1 in Short Blades
  4912 | D:3      | Learned a level 2 spell: Searing Ray
  5202 | D:4      | Found a glowing drain.
  5236 | D:4      | Reached XP level 6. HP: 23/46 MP: 6/12
  5387 | Sewer    | Entered a sewer
  5447 | Sewer    | Noticed Purgy
  5539 | Sewer    | Killed Purgy
  5539 | Sewer    | Reached skill level 1 in Throwing
  5828 | D:4      | Noticed a shadow
  5830 | D:4      | Found a shadowy altar of Dithmenos.
  5832 | D:4      | Found a hazy altar of Hepliaklqana.
  5895 | D:4      | Found an ancient bone altar of Kikubaaqudgha.
  6049 | D:4      | Reached skill level 1 in Conjurations
  6261 | D:5      | Entered Level 5 of the Dungeon
  6278 | D:5      | Reached skill level 1 in Long Blades
  6278 | D:5      | Reached XP level 7. HP: 48/52 MP: 9/13
  6291 | D:5      | Found a staircase to the Ecumenical Temple.
  6301 | Temple   | Entered the Ecumenical Temple
  6369 | Temple   | Became a worshipper of Ashenzari the Shackled
  6711 | D:4      | Reached skill level 1 in Armour
  7660 | D:5      | Reached skill level 5 in Spellcasting
  7660 | D:5      | Reached XP level 8. HP: 60/60 MP: 15/15
  7985 | D:6      | Found a white marble altar of Elyvilon.
  8063 | D:6      | Noticed Maggie
  8115 | D:6      | Killed Maggie
  8419 | D:6      | Reached * piety under Ashenzari
  8455 | D:6      | Noticed Pikel
  8469 | D:6      | Killed Pikel
  8469 | D:6      | Reached skill level 5 in Dodging
  8469 | D:6      | Reached XP level 9. HP: 53/67 MP: 9/18
  8684 | D:6      | Noticed Sigmund
  8703 | D:6      | Killed Sigmund
  8703 | D:6      | Reached skill level 5 in Fighting
  8831 | D:7      | Found Ceracs's Antique Armour Shop.
  8862 | D:7      | Identified the +0 scale mail of Supple Strength {-Cast +Fly
                  | rF- Slay+4}
  8931 | D:7      | Noticed Harold
  9000 | D:7      | Found a bloodstained altar of Trog.
  9046 | D:7      | Found a blossoming altar of Fedhas.
  9088 | D:7      | Reached skill level 5 in Long Blades
  9171 | D:7      | Found a runed translucent door.
  9172 | D:7      | Noticed Crazy Yiuf
  9813 | D:7      | Killed Harold
  9813 | D:7      | Reached skill level 5 in Necromancy
 10017 | D:7      | Killed Crazy Yiuf
 10306 | D:8      | Reached XP level 10. HP: 43/76 MP: 11/20
 10564 | D:8      | Reached skill level 1 in Shields
 10580 | D:8      | Noticed Psyche
 10583 | D:8      | Noticed Erica
 10594 | D:8      | Killed Psyche
 10594 | D:8      | Reached skill level 5 in Armour
 10606 | D:8      | Killed Erica
 10666 | D:8      | Noticed a two-headed ogre
 10674 | D:8      | Killed a two-headed ogre
 10721 | D:8      | Learned a level 3 spell: Dazzling Flash
 11059 | D:8      | Found a radiant altar of Vehumet.
 11306 | D:9      | Found a glowing silver altar of Zin.
 11312 | D:9      | Found a stormy altar of Qazlal.
 11312 | D:9      | Found a snail-covered altar of Cheibriados.
 11330 | D:9      | Found a burning altar of Makhleb.
 11330 | D:9      | Found an opulent altar of Gozag.
 11434 | D:9      | Noticed a catoblepas
 11455 | D:9      | Noticed Prince Ribbit
 11465 | D:9      | Killed Prince Ribbit
 11482 | D:9      | Learned a level 3 spell: Frozen Ramparts
 11486 | D:9      | Learned a level 3 spell: Ozocubu's Armour
 11512 | D:9      | Reached ** piety under Ashenzari
 11512 | D:9      | Noticed Maurice
 11522 | D:9      | Killed Maurice
 11654 | D:9      | Reached skill level 1 in Ice Magic
 11654 | D:9      | Reached XP level 11. HP: 55/83 MP: 23/23
 11781 | D:9      | Noticed Erolcha
 11801 | D:9      | Killed Erolcha
 11801 | D:9      | Reached skill level 1 in Hexes
 11801 | D:9      | Reached skill level 1 in Charms
 12033 | D:9      | Mangled by a catoblepas

Illustrated notes

Levels and vault maps discovered:
D:1:      scummos_arrival_hexagon, layout_basic
D:2:      minmay_door_path, layout_basic, dancing_weapons_uskayaw
D:3:      layout_basic, first_ration, chequers_serial_rivers_small_a
D:4:      layout_layer_cave, riverfiend_overflow_shadow_ancestor,
          lemuel_coloured_pillars_altar, gup_sewer_entry_glass
D:5:      layout_basic, minmay_temple_entry_poolview
D:6:      layout_loops_cross, nicolae_overflow_hidden_temple, uniq_maggie,
          uniq_sigmund, uniq_pikel
D:7:      layout_loops_cross, marbit_many_paths, lemuel_doored_altar,
          serial_shops, nicolae_shop_waterfront, kennysheep_generic_room_4,
          uniq_crazy_yiuf_cottage, uniq_harold
D:8:      layout_loops_ring, fiery_altar_vehumet, serial_glass, glass_columns_a,
          glass_columns_a, hangedman_little_slice_of_home, uniq_erica,
          uniq_psyche
D:9:      layout_grid_maze, grunt_temple_overflow_open, uniq_erolcha,
          uniq_maurice, uniq_prince_ribbit1
Temple:   compressed_dpeg_triangle_lava_temple

Skill      XL: |  1  2  3  4  5  6  7  8  9 10 11 |
---------------+----------------------------------+-----
Fighting       | 1 2 3 4 5 6 |  6.6
Spellcasting   | 3 4 5 6 8 |  8.3
Dodging        | 3 4 5 7 |  7.1
Short Blades   | 1 |  1.7
Necromancy     | 4 5 |  5.7
Throwing       | 1 2 |  2.7
Conjurations   | 1 2 3 4 |  4.7
Long Blades    | 1 3 4 6 8 |  8.3
Armour         | 2 3 4 5 |  5.8
Shields        | 2 |  2.8
Ice Magic      | 1 2 |  2.1
Hexes          | 1 |  1.1
Charms         | 1 |  1.1
Stealth        | |  1.7

Action                   |  1- 3 |  4- 6 |  7- 9 | 10-12 || total
-------------------------+-------+-------+-------+-------++-------
Melee: Dagger            |   163 |   366 |     6 |     1 ||   536
       Long sword        |       |    30 |   186 |    26 ||   242
       Short sword       |       |       |     1 |       ||     1
       Scimitar          |       |       |       |    95 ||    95
Throw: Boomerang         |     8 |    31 |    23 |       ||    62
       Dart              |       |    15 |     3 |     5 ||    23
 Cast: Pain              |    17 |     5 |       |       ||    22
       Vampiric Draining |     7 |    36 |    27 |    30 ||   100
       Searing Ray       |       |     4 |    23 |    11 ||    38
       Dazzling Flash    |       |       |       |     5 ||     5
       Ozocubu's Armour  |       |       |       |     1 ||     1
Invok: Curse Item        |       |       |     2 |     1 ||     3
 Abil: Hop               |     1 |     1 |     3 |     1 ||     6
  Use: Scroll            |       |     6 |     4 |     6 ||    16
       Potion            |       |       |     3 |     3 ||     6
 Stab: Sleeping          |     3 |     5 |       |     1 ||     9
       Invisible         |       |       |       |     3 ||     3
       Distracted        |       |       |       |     1 ||     1
  Eat: Chunk             |     5 |    15 |    13 |     7 ||    40
       Ration            |       |     1 |     1 |       ||     2
Armor: Robe              |    42 |    69 |       |       ||   111
       Troll leather arm |       |    28 |    68 |    73 ||   169
Dodge: Dodged            |   116 |   274 |   175 |   171 ||   736
       Rpst.: Long sword |       |     8 |    45 |     4 ||    57
       Scimitar          |       |       |       |    41 ||    41
